 Dungeon Crawl Stone Soup version 0.27-a0-951-gae3e1deef5 (webtiles) character file.

Game seed: 1477085988185908442

8 Alarkh the Insei (level 2, 21/21 HPs)
             Began as a Demonspawn Transmuter on Apr 11, 2021.
             Got out of the dungeon alive.
             The game lasted 00:00:14 (306 turns).

Alarkh the Insei (Demonspawn Transmuter)             Turns: 306, Time: 00:00:14

Health: 21/21      AC:  2    Str: 10    XL:     2   Next: 0%
Magic:  5/5        EV: 12    Int: 14    God:
Gold:   1          SH:  0    Dex: 13    Spells: 4/5 levels left

rFire    . . .     SeeInvis .     - Unarmed
rCold    . . .     Faith    .   (no shield)
rNeg     . . .     Spirit   .   a - +0 robe
rPois    .         Reflect  .   (no helmet)
rElec    .         Harm     .   (no cloak)
rCorr    .         Rampage  .   (no gloves)
Will     .....                  (no boots)
Stlth    +.........             (no amulet)
HPRegen  0.07/turn              (no ring)
MPRegen  0.09/turn              (no ring)

@: no status effects
A: powered by pain 1
a: no special abilities


You escaped.
You visited 1 branch of the dungeon, and saw 1 of its levels.

You collected 1 gold pieces.

Inventory:

Armour
 a - a +0 robe (worn)
Scrolls
 b - a scroll of amnesia {unknown}
Potions
 c - a potion of heal wounds {unknown}


   Skills:
 + Level 1.2 Fighting
 - Level 1.7 Dodging
 * Level 2.9 Unarmed Combat
 + Level 2.1 Spellcasting
 + Level 1.9 Transmutations


You had 4 spell levels left.
You knew the following spells:

 Your Spells              Type           Power      Damage    Failure   Level
a - Beastly Appendage     Tmut           14%        N/A       11%         1

Your spell library contained the following spells:

 Spells                   Type           Power      Damage    Failure   Level
 Wereblood                Tmut           7%         N/A       16%         2
 Spider Form              Tmut/Pois      2%         N/A       43%         3
 Ice Form                 Ice/Tmut       4%         N/A       83%         4
 Hydra Form               Tmut           3%         N/A       96%         5


Dungeon Overview and Level Annotations

Branches:
Dungeon (1/15)

Altars:


Innate Abilities, Weirdness & Mutations

You sometimes gain a little power by taking damage.


Message History

The jackal is severely wounded.
The jackal barely misses you. The jackal bites you.
You hit the jackal.
You kill the jackal!
You completely miss the jackal. The jackal misses you.
You hit the jackal.
You kill the jackal!
You see here a jackal corpse.
Magic restored.
Your horns disappear.
Your talons disappear.
HP restored.
You open the door.
There is an open door here.
b - a scroll labelled CEESU POURA You now have 1 gold piece.
c - a purple potion
Found a stone staircase leading down.
Found a stone staircase leading down.
There is a stone staircase leading down here.
A bat comes into view.
A bat is nearby!
Casting: Beastly Appendage (safe; 11% risk of failure)
Confirm with . or Enter, or press ? or * to list all spells.
You grow a pair of large bovine horns.
Your feet morph into talons.
The bat barely misses you.
Unknown command.
You hit the bat.
You kill the bat!
You have reached level 2!
Your demonic ancestry asserts itself...
You feel energised by your suffering.
Unknown command.
You see here a bat corpse.
Your transformation is almost over.
Your horns disappear.
Your talons disappear.
There is an open door here.
There is a stone staircase leading down here.
There is a staircase leading out of the dungeon here.
Are you sure you want to leave the Dungeon?
This will make you lose the game!
You have escaped!

### #.###.### #.##.
...# ##.......###.##.
≈...##...≈≈≈≈..##.##.
≈≈......≈≈≈≈≈≈.......
≈≈......≈≈≈≈≈≈..###..
≈≈......≈≈≈≈≈≈.###...
≈≈ ###..≈≈≈≈..##....
... #+#.'#......##.....
....#.@>.#.......+.....
#..#+#.+#....####.....
#...####.......###....
#......###.#.# ##...
...##...##...#.# ##..
##.###.###.# ##'
#.........# #.
#####.##########. ##.##
#.......


There were no monsters in sight!

Vanquished Creatures
  A bat (D:1)
  A goblin (D:1)
  4 jackals (D:1)
6 creatures vanquished.

Notes
Turn   | Place    | Note
-------+----------+-------------------------------------------
     0 | D:1      | Alarkh the Demonspawn Transmuter began the quest for the
                  | Orb.
     0 | D:1      | Reached XP level 1. HP: 15/15 MP: 3/3
   264 | D:1      | Gained mutation: You sometimes gain a little power by
                  | taking damage. [demonic ancestry]
   264 | D:1      | Reached XP level 2. HP: 21/21 MP: 3/5
   306 | D:$      | Got out of the dungeon alive.

Illustrated notes

Levels and vault maps discovered:
D:1:      dpeg_arrival_pits, layout_loops_corners, serial_bayou,
          serial_bayou_pond_c, serial_bayou_ford_a, serial_bayou_pond_b,
          serial_bayou_shore_b

Action                   || total
-------------------------++-------
Melee: Unarmed           ||    31
       Kick              ||     1
 Cast: Beastly Appendage ||     3
Armor: Robe              ||     9
Dodge: Dodged            ||    22

Table legend: (Time is in decaauts)
 A = Elapsed time spent in this place.
 B = Non-inter-level travel time spent in this place.
 C = Inter-level travel time spent in this place.
 D = Time resting spent in this place.
 E = Time spent auto-exploring this place.
 F = Levels seen in this place.
 G = Mean time per level.
                   A        B        C        D        E       F      G
               +--------+--------+--------+--------+--------+-----+--------+
         Total |    304 |    263 |     41 |      0 |    221 |   1 |  304.0 |
       Dungeon |    304 |    263 |     41 |      0 |    221 |   1 |  304.0 |
               +--------+--------+--------+--------+--------+-----+--------+

Top non-repeatable levels by time:
     D:1: 304 daAuts
